 Dungeon Crawl Stone Soup version 0.20-a0-513-g02c11fc (webtiles) character file.

28593 seren the Black Sun (level 13, 0/103 HPs)
             Began as a Mummy Wizard on Jan 14, 2017.
             Was a High Priest of Kikubaaqudgha.
             Slain by Snorg (4 damage)
             ... on level 4 of the Lair of Beasts on Jan 22, 2017.
             The game lasted 03:38:20 (29154 turns).

seren the Black Sun (Mummy Wizard)                 Turns: 29154, Time: 03:38:22

Health: 0/103      AC: 14    Str: 11    XL:     13   Next: 10%
Magic:  2/27       EV: 14    Int: 24    God:    Kikubaaqudgha [*****.]
Gold:   598        SH:  6    Dex: 10    Spells: 7/32 levels left

rFire    + . .     SeeInvis .   o - +1 hand axe (pain)
rCold    + + .     Gourm    .   c - +4 robe of Defiance {*Corrode rN++ Int+2 Stlth+}
rNeg     + + +     Faith    +   r - +2 buckler
rPois    ∞         Spirit   .   n - -2 hat of the Alchemist {rElec rPois rF+ rC+ rN+ MR+ rMut rCorr}
rElec    +         Reflect  .   (no cloak)
rCorr    +         Harm     .   C - +1 pair of gloves
rMut     +                      P - +2 pair of boots {Fly}
MR       ++...                  a - amulet of faith
Stlth    +++.......             E - ring of protection from fire
Regen    0.3/turn               b - +5 ring of protection

@: flying, very slightly contaminated, repel missiles
A: no food or potions, fire vulnerability, cold resistance 1, negative energy
resistance 3, torment resistance, unbreathing, in touch with death 1
a: Receive Corpses, Torment, Renounce Religion, Stop Flying


You were on level 4 of the Lair of Beasts.
You worshipped Kikubaaqudgha.
Kikubaaqudgha was extremely pleased with you.
You were not hungry.

You visited 3 branches of the dungeon, and saw 18 of its levels.
You also visited: Ossuary and Ice Cave.

You collected 1384 gold pieces.
You spent 786 gold pieces at shops.

Inventory:

Hand Weapons
 o - a +1 hand axe of pain (weapon)
 J - a +5 dagger of flaming
 L - a +0 whip of electrocution
Missiles
 m - a throwing net (quivered)
Armour
 c - the +4 robe of Defiance (worn) {*Corrode rN++ Int+2 Stlth+}
   (You found it on level 1 of the Lair of Beasts)

   It affects your intelligence (+2).
   It greatly protects you from negative energy.
   It may corrode you when you take damage.
   It makes you more stealthy.
 n - the -2 hat of the Alchemist (worn) {rElec rPois rF+ rC+ rN+ MR+ rMut rCorr}
   (You bought it in a shop on level 8 of the Dungeon)

   It protects you from fire.
   It protects you from cold.
   It insulates you from electricity.
   It protects you from poison.
   It protects you from negative energy.
   It affects your resistance to hostile enchantments.
   It protects you from acid and corrosion.
   It protects you from mutation.
 r - a +2 buckler (worn)
 C - a +1 pair of gloves (worn)
 P - a +2 pair of boots of flying (worn)
Jewellery
 a - an amulet of faith (around neck)
 b - a +5 ring of protection (left hand)
 h - an uncursed amulet of magic regeneration
 p - an uncursed ring of protection from cold
 E - a ring of protection from fire (right hand)
 G - an uncursed ring of wizardry
Wands
 f - a wand of clouds (3/9)
 u - a wand of digging (17/24)
 w - a wand of polymorph (14/24)
 x - a wand of acid (9/15)
 z - a wand of paralysis (10/24)
 M - a wand of acid (3/15)
Scrolls
 d - a scroll of fear
 g - 10 scrolls of remove curse
 i - a scroll of recharging
 j - a scroll of amnesia
 k - 2 scrolls of teleportation
 t - 3 scrolls of enchant weapon
 A - 5 scrolls of fog
 B - a scroll of acquirement
 D - a scroll of magic mapping
 H - 3 scrolls of identify
Books
 e - a book of Air

   Spells                             Type                      Level
   a - Shock                          Conjuration/Air              1
   b - Swiftness                      Charms/Air                   2
   c - Repel Missiles                 Charms/Air                   2
   d - Static Discharge               Conjuration/Air              3
   e - Lightning Bolt                 Conjuration/Air              5
 N - Kikubaaqudgha's Incunabulum of Dark Arts
   (Kikubaaqudgha gifted it to you on level 9 of the Dungeon)

   Spells                             Type                      Level
   a - Animate Dead                   Necromancy                   4
   b - Agony                          Necromancy                   5
   c - Cigotuvi's Embrace             Necromancy                   5
   d - Dispel Undead                  Necromancy                   5
   e - Death Channel                  Necromancy                   6
Miscellaneous
 Q - a fan of gales


   Skills:
 - Level 10.0 Fighting
 - Level 7.0 Axes
 + Level 6.4 Dodging
 - Level 1.5 Stealth
 - Level 4.0 Shields
 - Level 10.0 Spellcasting
 - Level 5.1 Conjurations
   Level 0.7 Summonings
 - Level 12.2 Necromancy
 - Level 0.7 Translocations
 - Level 1.0 Fire Magic
 - Level 1.0 Air Magic
 - Level 1.0 Poison Magic


You had 7 spell levels left.
You knew the following spells:

 Your Spells              Type           Power        Failure   Level  Hunger
a - Agony                 Necr           #######.     1%          5    N/A
b - Blink                 Tloc           N/A          8%          2    N/A
c - Conjure Flame         Conj/Fire      ####....     4%          3    N/A
d - Mephitic Cloud        Conj/Pois/Air  ###.....     10%         3    N/A
f - Animate Dead          Necr           N/A          1%          4    N/A
m - Magic Dart            Conj           ####         1%          1    N/A
r - Repel Missiles        Chrm/Air       ##....       8%          2    N/A
u - Dispel Undead         Necr           #######.     1%          5    N/A

Dungeon Overview and Level Annotations

Branches:
Dungeon (12/15)            Temple (1/1) D:7            Lair (5/6) D:11
 Shoals (0/4) Lair:4       Spider (0/4) Lair:2
  Slime: Lair:5-6       Orc: D:9-12

Altars:
Ashenzari
Cheibriados
Dithmenos
Elyvilon
Fedhas
Gozag
Hepliaklqana
Kikubaaqudgha
Makhleb
Nemelex Xobeh
Okawaru
Qazlal
Ru
Sif Muna
Trog
Uskayaw
Vehumet
Xom
Yredelemnul
Zin
The Shining One

Shops:
D:6 ?   D:8 [   D:10 (

Portals:
Trove: D:10 (give +4 fire dragon scales)

Annotations:
D:9 shape shifter
D:10 exclusion: downstairs
D:11 something invisible, exclusion: ugly thing
Lair:1 exclusion: 2 downstairs
Lair:2 Erica
Lair:3 exclusion: oklob plant
Lair:4 exclusion: zombie, Snorg
Lair:5 Rupert


Innate Abilities, Weirdness & Mutations

You do not eat or drink.
Your flesh is vulnerable to fire.
You are immune to poison.
Your flesh is cold resistant. (rC+)
You are immune to negative energy. (rN+++)
You are immune to unholy pain and torment.
You can survive without breathing.
You are in touch with the powers of death.


Message History

Confirm with . or Enter, or press ? or * to list all spells.
You don't have enough magic to cast that spell.
Blink to where?
Press: ? - help, Dir - move target cursor, p - Snorg
As you read the scroll of blinking, it crumbles to dust.
Found a glowing falchion.
Blink to where?
Press: ? - help, Dir - move target cursor
As you read the scroll of blinking, it crumbles to dust.
You block Snorg's attack. Snorg misses you. x2
You fly upwards.
Level annotation: exclusion: zombie
There is a stone staircase leading down here.
As you read the scroll of fear, it crumbles to dust.
You assume a fearsome visage.
You block Snorg's attack.
Snorg barely misses you. x2; Snorg bites you.
* * * LOW HITPOINT WARNING * * *
Snorg claws you.
You die...
Kikubaaqudgha rasps: "You have failed me!
Welcome... oblivion!"

#P####..#P..P##.#.#...##PP#.##...
### #####..#######...###########
#### #...########...######## #
#P.######....#..##.P...#..##..###
............................>....
..............#..#...............
P...####.#.#.##.8.##..#...P#P####
#.############.....#####..#### #.
P.####.P#.#.##8.@.8##..#..#######
..>............T...#.............
.......(.....#.....#.............
....##......####.###........#.###
.#####.....###.....#........#.##.
###P#.#..#..#.#...#.#.....#..###.
#.#...........#...#.#.........##.
........8.......8.#.+...8........
..................#.........+....


You could see Snorg (berserk).

Vanquished Creatures
  A frost giant (IceCv)
  A death yak (IceCv)
  3 two-headed ogres
  The ghost of 100P the Spear-Bearer, a novice DsFi of Okawaru (D:6)
  A manticore (D:9)
  3 spiny frogs
  2 rime drakes
  A komodo dragon (Lair:1)
  2 trolls
  11 polar bears (IceCv)
  3 blink frogs (Lair:3)
  6 hippogriffs
  Prince Ribbit (D:7)
  A spriggan (D:9)
  24 yaks
  A basilisk (D:11)
  A hungry ghost (D:7)
  A vampire mosquito (D:7)
  A soldier ant (D:11)
  Menkaure (D:4)
  Duvessa (D:4)
  5 water moccasins
  6 porcupines
  2 black bears (D:6)
  4 orc warriors
  2 ice beasts
  3 sky beasts
  4 ogres
  9 wolves (IceCv)
  2 phantoms
  5 centaurs
  6 crocodiles
  5 big kobolds
  A gnoll sergeant (D:6)
  9 bullfrogs
  Dowan (D:4)
  3 scorpions
  4 wights (D:9)
  A howler monkey (D:9)
  3 electric eels (D:10)
  4 crimson imps
  A quasit (D:7)
  3 hounds
  12 jellies
  A human zombie (Ossuary)
  6 orc priests
  3 centaur skeletons
  Jessica (D:3)
  4 iguanas
  15 orc wizards
  13 worker ants
  2 big kobold zombies (Ossuary)
  3 hound zombies
  2 hound skeletons
  5 mummies (Ossuary)
  2 worker ant zombies
  A howler monkey zombie (D:6)
  10 adders
  25 gnolls
  3 shadow imps
  5 oozes (Lair:3)
  An adder skeleton (D:4)
  3 worms (D:2)
  A dart slug (D:4)
  8 leopard geckos
  47 orcs
  A ball python (D:3)
  7 giant cockroaches
  21 goblins
  32 hobgoblins
  8 jackals
  43 kobolds
  7 quokkas
  11 bats
  8 frilled lizards
  A hobgoblin zombie (Ossuary)
  2 kobold zombies (Ossuary)
  A leopard gecko skeleton (D:4)
  A leopard gecko zombie (D:6)
  2 orc zombies (Ossuary)
  11 rats
479 creatures vanquished.

Vanquished Creatures (collateral kills)
  A hydra (Lair:3)
  A two-headed ogre (D:10)
  A manticore (Lair:4)
  An ice statue (IceCv)
  2 komodo dragons
  A rime drake (Lair:3)
  10 polar bears (IceCv)
  A blink frog (Lair:3)
  A hippogriff (Lair:4)
  A wyvern (Lair:4)
  11 yaks
  A vampire mosquito (D:9)
  A soldier ant (D:10)
  A water moccasin (Lair:4)
  4 porcupines
  An orc warrior (D:9)
  2 ice beasts
  An eye of draining (shapeshifter) (D:9)
  An ogre (D:10)
  8 wolves (IceCv)
  4 crocodiles
  4 bullfrogs
  A scorpion (D:10)
  2 howler monkeys (D:9)
  A crimson imp (D:9)
  2 hounds (D:9)
  2 jellies (Lair:3)
  2 orc wizards
  A worker ant (D:10)
  7 oozes (Lair:3)
  2 orcs
  4 kobolds (D:10)
83 creatures vanquished.

Vanquished Creatures (others)
  A yak (IceCv)
  5 kobolds (D:4)
  6 fungi
12 creatures vanquished.

Grand Total: 574 creatures vanquished

Notes
Turn   | Place    | Note
-------+----------+-------------------------------------------
     0 | D:1      | seren the Mummy Wizard began the quest for the Orb.
     0 | D:1      | Reached XP level 1. HP: 13/13 MP: 5/5
    11 | D:1      | Reached skill level 1 in Conjurations
   599 | D:1      | You fall through a shaft!
   636 | D:1      | Reached XP level 2. HP: 19/19 MP: 5/7
  1754 | D:2      | Reached XP level 3. HP: 24/24 MP: 1/8
  2373 | D:3      | Noticed Jessica
  2572 | D:2      | Learned a level 2 spell: Blink
  2576 | D:2      | Learned a level 3 spell: Conjure Flame
  2580 | D:2      | Learned a level 3 spell: Mephitic Cloud
  2777 | D:3      | Found a hazy altar of Hepliaklqana.
  2921 | D:3      | Reached skill level 1 in Fighting
  2930 | D:3      | Reached XP level 4. HP: 21/32 MP: 3/10
  3400 | D:3      | Killed Jessica
  3579 | D:3      | Found a glowing golden altar of the Shining One.
  3880 | D:3      | Reached XP level 5. HP: 38/38 MP: 6/11
  3938 | D:3      | Reached skill level 1 in Air Magic
  3938 | D:3      | Reached skill level 1 in Poison Magic
  5062 | D:3      | Reached XP level 6. HP: 44/44 MP: 7/12
  5439 | D:3      | Reached skill level 5 in Spellcasting
  5774 | D:2      | Reached skill level 1 in Fire Magic
  6064 | D:3      | Upgraded the game from 0.20-a0-472-g5c05303 to 0.20-a0-501-g0de2c2e
  6617 | D:4      | Noticed Dowan
  6618 | D:4      | Noticed Duvessa
  6855 | D:4      | Noticed an orc warrior
  6911 | D:5      | Entered Level 5 of the Dungeon
  7006 | D:4      | Reached XP level 7. HP: 46/52 MP: 12/15
  7558 | D:4      | Noticed Menkaure
  8308 | D:6      | Reached XP level 8. HP: 31/58 MP: 14/20
  8312 | D:6      | Learned a level 2 spell: Repel Missiles
  8381 | D:6      | Reached skill level 5 in Conjurations
  8570 | D:6      | Found Gefogg's Magic Scroll Emporium.
  8574 | D:6      | Bought a scroll of magic mapping for 42 gold pieces
  8574 | D:6      | Bought a scroll of teleportation for 36 gold pieces
  8873 | D:6      | Found a glowing silver altar of Zin.
  8873 | D:6      | Noticed an angel
  9051 | D:6      | Noticed 100P's ghost (novice DsFi)
  9618 | D:5      | Upgraded the game from 0.20-a0-501-g0de2c2e to 0.20-a0-502-g555d78b
  9678 | D:6      | Reached skill level 5 in Dodging
 10050 | D:5      | Upgraded the game from 0.20-a0-502-g555d78b to 0.20-a0-507-gc86f373
 10084 | D:5      | Reached XP level 9. HP: 52/63 MP: 9/22
 10533 | D:7      | Found a staircase to the Ecumenical Temple.
 10542 | Temple   | Entered the Ecumenical Temple
 10608 | Temple   | Became a worshipper of Kikubaaqudgha
 10795 | D:7      | Noticed Prince Ribbit
 10860 | D:8      | Found a sand-covered staircase.
 10865 | Ossuary  | Entered an ossuary
 11022 | Ossuary  | Reached skill level 5 in Fighting
 11538 | D:8      | Found Mavvalaz's Armour Boutique.
 12072 | D:7      | Killed Prince Ribbit
 12924 | D:8      | Reached * piety under Kikubaaqudgha
 12924 | D:8      | Identified Kikubaaqudgha's Catalogue of Sinister Secrets (Kikubaaqudgha gifted it to you on level 8 of the Dungeon)
 12924 | D:8      | Received a gift from Kikubaaqudgha
 12928 | D:8      | Learned a level 1 spell: Animate Skeleton
 12945 | D:8      | Noticed a two-headed ogre
 13159 | D:9      | Noticed a two-headed ogre
 13330 | D:8      | Reached skill level 1 in Necromancy
 13383 | D:8      | Found a shadowy altar of Dithmenos.
 13917 | D:8      | Killed a two-headed ogre
 13917 | D:8      | Reached skill level 2 in Necromancy
 13917 | D:8      | Reached XP level 10. HP: 23/82 MP: 14/23
 14234 | D:8      | Reached skill level 3 in Necromancy
 14728 | D:9      | Reached skill level 1 in Shields
 14769 | D:10     | Entered Level 10 of the Dungeon
 14818 | D:10     | Found a portal to a secret trove of treasure.
 15390 | D:8      | Killed a two-headed ogre
 15588 | D:7      | Learned a level 3 spell: Vampiric Draining
 16090 | D:4      | Killed Duvessa
 16090 | D:4      | Reached skill level 4 in Necromancy
 16101 | D:4      | Killed Dowan
 16105 | D:4      | Reached ** piety under Kikubaaqudgha
 16145 | D:4      | Reached skill level 1 in Axes
 16478 | D:6      | Found a deep blue altar of Sif Muna.
 16761 | D:9      | Reached skill level 5 in Necromancy
 17192 | D:9      | Noticed a harpy
 17192 | D:9      | a soldier ant changed into a harpy
 17648 | D:9      | Reached skill level 6 in Necromancy
 17815 | D:9      | Noticed a two-headed ogre
 17993 | D:9      | Noticed a death drake
 18004 | D:9      | Noticed a manticore
 18006 | D:9      | a death drake changed into a komodo dragon
 18019 | D:8      | Reached skill level 7 in Necromancy
 18281 | D:9      | Killed a two-headed ogre
 18281 | D:9      | Reached XP level 11. HP: 87/87 MP: 13/24
 18512 | D:8      | Learned a level 1 spell: Pain
 18523 | D:9      | Reached skill level 8 in Necromancy
 18941 | D:9      | Reached *** piety under Kikubaaqudgha
 18941 | D:9      | Identified Kikubaaqudgha's Incunabulum of Dark Arts (Kikubaaqudgha gifted it to you on level 9 of the Dungeon)
 18941 | D:9      | Received a gift from Kikubaaqudgha
 19352 | D:10     | Learned a level 5 spell: Agony
 19358 | D:10     | Learned a level 5 spell: Dispel Undead
 19444 | D:10     | Noticed a two-headed ogre
 19450 | D:10     | Killed a two-headed ogre
 19511 | D:10     | Reached skill level 9 in Necromancy
 19808 | D:10     | Identified a scroll of acquirement
 20024 | D:10     | Found Qes Furgh's Antique Weapon Shop.
 20815 | D:11     | Noticed a green ugly thing
 21004 | D:11     | Found a staircase to the Lair.
 21158 | D:10     | Reached **** piety under Kikubaaqudgha
 21317 | D:11     | Learned a level 4 spell: Animate Dead
 21482 | Lair:1   | Entered Level 1 of the Lair of Beasts
 21789 | D:4      | Killed Menkaure
 22249 | Lair:1   | Got an opalescent robe
 22260 | Lair:1   | Identified the +4 robe of Defiance {*Corrode rN++ Int+2 Stlth+} (You found it on level 1 of the Lair of Beasts)
 22543 | D:8      | Bought the -2 hat of the Alchemist {rElec rPois rF+ rC+ rN+ MR+ rMut rCorr} for 708 gold pieces
 22553 | D:8      | Reached skill level 10 in Fighting
 22848 | Lair:1   | Reached skill level 10 in Necromancy
 23455 | Lair:1   | Upgraded the game from 0.20-a0-507-gc86f373 to 0.20-a0-513-g02c11fc
 23525 | Lair:2   | Noticed Erica
 23584 | Lair:1   | Reached skill level 10 in Spellcasting
 24250 | Lair:2   | Found a hole to the Spider Nest.
 24471 | Lair:3   | Reached XP level 12. HP: 88/97 MP: 20/26
 24582 | Lair:3   | Noticed a six-headed hydra
 24588 | Lair:3   | Killed a seven-headed hydra
 24701 | Lair:3   | Reached skill level 11 in Necromancy
 24789 | Lair:3   | Found a frozen archway.
 24831 | IceCv    | Entered an ice cave
 25467 | IceCv    | Reached skill level 5 in Axes
 25501 | IceCv    | Reached ***** piety under Kikubaaqudgha
 25681 | IceCv    | Noticed a death yak
 25700 | IceCv    | Killed a death yak
 25813 | IceCv    | Noticed a frost giant
 25825 | IceCv    | Killed a frost giant
 25837 | IceCv    | Reached skill level 12 in Necromancy
 25890 | IceCv    | Identified the Incunabulum of Cold
 27118 | D:6      | Identified Sif Muna's Reference Book on Companions
 27161 | D:6      | Killed 100P's ghost
 28005 | Lair:4   | Gained mutation: You are in touch with the powers of death. [Mummy growth]
 28005 | Lair:4   | Reached XP level 13. HP: 63/103 MP: 27/27
 28919 | Lair:4   | Found a staircase to the Shoals.
 29106 | Lair:5   | Noticed Rupert
 29135 | Lair:5   | Noticed Snorg
 29147 | Lair:5   | HP: 4/103 [Snorg (8)]
 29154 | Lair:4   | HP: 4/103 [Snorg (2)]
 29154 | Lair:4   | Slain by Snorg

Vault maps used:
D:1:      mrwooster_arrival_statue_2
D:2:      minmay_misc_feat_plants
D:3:      minmay_goblin_kobold_castle, grunt_temple_overflow_open, first_bread,
          uniq_jessica
D:4:      kennysheep_kobold_camp, uniq_menkaure, uniq_duvessa
D:6:      black_bear_nest_2, led_sif_book, zin_angel, serial_shops, shop,
          serial_bayou_pond_e, kennysheep_generic_room_15
D:7:      uniq_prince_ribbit1
D:8:      grunt_dithmenos_smoke_and_mirrors, enter_ossuary_2, serial_shops,
          kennysheep_mini
D:9:      minmay_bloctagon, the_bakery
D:10:     nicolae_trove_entry_free_sample, kennysheep_diamond
D:11:     david_lair_generic, kennysheep_donut
D:12:     orc_david_3
Temple:   nicolae_temple_x_marks_the_god
Lair:1:   lab_entry_generic
Lair:2:   dummy_spider_entry, beast_lair_carwin_11, uniq_erica
Lair:3:   lemuel_slime, portal_ice_cave_rime, st_stairs_3
Lair:4:   minmay_shoals_entry_beasts, grunt_megastairs_1
Lair:5:   grunt_megastairs_5, uniq_snorg, uniq_rupert
Ossuary:  ossuary_crypta
IceCv:    ice_cave_caverns_02

Skill      XL: |  1  2  3  4  5  6  7  8  9 10 11 12 13 |
---------------+----------------------------------------+-----
Conjurations   | 1 2 3 4 5 |  5.1
Fighting       | 1 2 3 8 10 | 10.0
Air Magic      | 1 |  1.0
Poison Magic   | 1 |  1.0
Spellcasting   | 5 8 9 10 | 10.0
Fire Magic     | 1 |  1.0
Dodging        | 5 6 |  6.4
Necromancy     | 2 7 10 12 | 12.2
Shields        | 4 |  4.0
Axes           | 2 7 |  7.0
Stealth        | |  1.5
Summonings     | |  0.7
Translocations | |  0.7

Action                   |  1- 3 |  4- 6 |  7- 9 | 10-12 | 13-15 || total
-------------------------+-------+-------+-------+-------+-------++-------
Melee: Dagger            |     5 |       |       |       |       ||     5
       Short sword       |    13 |   108 |   351 |   113 |       ||   585
       Spear             |       |       |     6 |       |       ||     6
       Hand axe          |       |       |       |   615 |    62 ||   677
       Whip              |       |       |       |     4 |       ||     4
 Cast: Magic Dart        |   127 |   220 |   268 |   172 |       ||   787
       Mephitic Cloud    |       |     7 |    38 |    94 |     3 ||   142
       Blink             |       |       |     2 |     8 |       ||    10
       Repel Missiles    |       |       |     1 |     3 |       ||     4
       Animate Skeleton  |       |       |     6 |    40 |       ||    46
       Conjure Flame     |       |       |     3 |     9 |       ||    12
       Agony             |       |       |       |    53 |     6 ||    59
       Animate Dead      |       |       |       |    49 |    10 ||    59
       Pain              |       |       |       |     6 |       ||     6
       Dispel Undead     |       |       |       |    10 |       ||    10
       Vampiric Draining |       |       |       |     2 |       ||     2
Invok: Receive Corpses   |       |       |       |     3 |       ||     3
Evoke: Wand              |       |       |       |       |     1 ||     1
  Use: Scroll            |       |     5 |    11 |    13 |     4 ||    33
 Stab: Confused          |       |     2 |     9 |    21 |     2 ||    34
       Distracted        |       |     1 |       |     9 |     1 ||    11
       Sleeping          |       |       |       |     1 |     1 ||     2
Armor: Robe              |    18 |    40 |    57 |   267 |    19 ||   401
Dodge: Dodged            |    43 |   100 |   233 |   460 |    36 ||   872
       Deflected         |       |       |     4 |     5 |       ||     9
Block: Buckler           |       |       |       |   169 |    31 ||   200
